 Dungeon Crawl Stone Soup version bcrawl-1.13.5 (webtiles) character file.

Game seed: 3457638373940123916

7 MisterOstroum the Insei (level 1, 0/16 HPs)
             Began as a Demigod Transmuter on Aug 29, 2019.
             Slain by a kobold
             ... wielding a +0 short sword
              (2 damage)
             ... on level 1 of the Dungeon.
             The game lasted 00:01:01 (261 turns).

MisterOstroum the Insei (Demigod Transmuter)         Turns: 261, Time: 00:01:01

Health: 0/16       AC:  2    Str: 14    XL:     1   Next: 83%
Magic:  4/5        EV: 12    Int: 17    God:    Demigod [......]
Gold:   0          SH:  0    Dex: 17    Spells: 2/3 levels left

rFire    . . .     SeeInvis .     - Unarmed
rCold    . . .     Gourm    .   (no shield)
rNeg     . . .     Faith    .   b - +0 robe
rPois    .         Spirit   .   (no helmet)
rElec    .         Reflect  .   (no cloak)
rCorr    .         Harm     .   (no gloves)
MR       .....                  (boots currently unavailable)
Stlth    ++........             (no amulet)
HPRegen  0.05/turn              (no ring)
MPRegen  0.09/turn              (no ring)

@: appendage
A: talons 3, high mp 1
a: End Transformation


You were on level 1 of the Dungeon.
You worshipped Demigod.
Demigod was noncommittal.
You were not hungry.
You had grown temporary talons.
You visited 1 branch of the dungeon, and saw 1 of its levels.

Inventory:

Missiles
 a - 335 arrows
Armour
 b - a +0 robe (worn)
Scrolls
 c - a scroll of blinking {unknown}
Potions
 d - a potion of lignification {@q6}
Comestibles
 e - a ration {!d}


   Skills:
 + Level 1.1 Fighting
 - Level 1.7 Dodging
 + Level 2.8 Unarmed Combat
 + Level 1.9 Spellcasting
 + Level 1.9 Transmutations


You had 2 spell levels left.
You knew the following spells:

 Your Spells              Type           Power        Failure   Level  Hunger
a - Beastly Appendage     Tmut           #.....       9%          1    #......

Your spell library contained the following spells:

 Spells                   Type           Power        Failure   Level  Hunger
 Sticks to Snakes         Tmut           #.......     13%         2    ###....
 Spider Form              Tmut/Pois      #..          36%         3    ###....
 Ice Form                 Ice/Tmut       #.......     78%         4    #####..
 Blade Hands              Tmut           #.........   94%         5    ######.


Dungeon Overview and Level Annotations

Branches:
Dungeon (1/12)


Innate Abilities, Weirdness & Mutations

You have an increased reservoir of magic. (+10% MP)
You have claws for feet.


Message History

You open the door.
There is an open door here.
a - 335 arrows (gained 215)
There is an open door here.
You close the door.
HP restored.
As you open the door, it creaks loudly!
There is an open door here.
A leopard gecko and a kobold come into view.
There are monsters nearby!
There are monsters nearby!
There are monsters nearby!
Casting: Beastly Appendage (safe; 10% risk of failure)
Confirm with . or Enter, or press ? or * to list all spells.
You grow a pair of large bovine horns.
Your transformation is almost over.
The helpless leopard gecko fails to defend itself.
You punch the leopard gecko!
You kill the leopard gecko!
Your kill strengthens your divinity.
The kobold shouts!
The kobold throws a stone.
The stone barely misses you.
A bat comes into view.
The kobold hits you with a +0 short sword.
You miss the kobold.
The kobold hits you with a +0 short sword.
You are too injured to fight recklessly!
You are too injured to fight recklessly!
You are too injured to fight recklessly!
The kobold throws a stone.
The stone barely misses you.
Your horns disappear.
The bat hits you but does no damage. The bat misses you. The bat misses you.
The kobold throws a stone.
The stone hits you but does no damage. The bat closely misses you.
The bat hits you.
The kobold throws a stone.
The stone barely misses you. The bat barely misses you. The bat misses you.
The bat hits you but does no damage. The bat hits you but does no damage.
The bat misses you.
Casting: Beastly Appendage (safe; 9% risk of failure)
Confirm with . or Enter, or press ? or * to list all spells.
You grow a pair of large bovine horns.
The bat closely misses you. The bat hits you but does no damage.
You hit the bat.
The bat is heavily wounded.
The bat barely misses you.
You barely miss the bat.
The bat is heavily wounded.
The bat misses you. The bat hits you but does no damage.
You closely miss the bat. Your headbutt misses the bat.
The bat is heavily wounded.
The bat closely misses you. The bat misses you.
You barely miss the bat.
The bat is heavily wounded.
Your transformation is almost over.
The bat barely misses you.
The kobold throws a stone.
The stone barely misses you.
You barely miss the bat.
The bat is heavily wounded.
The bat barely misses you. x2; The bat hits you.
The bat hits you but does no damage. The bat hits you but does no damage.
The bat hits you. The bat misses you. The bat barely misses you.
The bat hits you but does no damage. The bat closely misses you.
There is an open door here.
Your horns disappear.
The bat closely misses you.
You hit the bat but do no damage.
The bat is heavily wounded.
The bat closely misses you.
You closely miss the bat.
The bat is heavily wounded.
The bat barely misses you. The kobold barely misses you. The bat hits you.
The bat barely misses you.
Casting: Beastly Appendage (safe; 9% risk of failure)
Confirm with . or Enter, or press ? or * to list all spells.
Your feet morph into talons.
The bat closely misses you. The bat hits you but does no damage.
The bat barely misses you. The bat hits you but does no damage.
The bat closely misses you. The bat hits you but does no damage.
You barely miss the bat. Your kick misses the bat.
The bat is heavily wounded.
The bat closely misses you.
The kobold hits you with a +0 short sword.
* * * LOW HITPOINT WARNING * * *
The bat misses you.
You barely miss the bat. You claw the bat.
You kill the bat!
Your kill strengthens your divinity.
The kobold hits you with a +0 short sword.
You die...
Your divinity fades.

....# #..##.......#
....####..##.......#
....##.....#.......#
....##.###.#.......#
##. #.#.......#
....##.........#
##.......####....
##.#.#..########### ..
#.....+.@K.♣P#P##
......###..#≈≈≈..♣P#.♣
......###..##≈8....<♣#
# ....+..>.#≈≈≈..♣P#.♣
....####.'....♣P#P##
############


You could see a kobold.

Vanquished Creatures
  A leopard gecko (D:1)
  A ball python (D:1)
  A bat (D:1)
  A kobold (D:1)
  A frilled lizard (D:1)
5 creatures vanquished.

Notes
Turn   | Place    | Note
-------+----------+-------------------------------------------
     0 | D:1      | MisterOstroum the Demigod Transmuter began the quest for
                  | the Orb.
     0 | D:1      | Reached XP level 1. HP: 15/15 MP: 5/5
    36 | D:1      | Reached skill level 1 in Fighting
   261 | D:1      | Slain by a kobold

Skill      XL: |  1 |
---------------+----+-----
Fighting       | 1 |  1.1
Dodging        | |  1.7
Unarmed Combat | |  2.8
Spellcasting   | |  1.9
Transmutations | |  1.9

Action                   || total
-------------------------++-------
Melee: Unarmed           ||    21
       Headbutt          ||     2
       Kick              ||     1
 Cast: Beastly Appendage ||     4
 Stab: Sleeping          ||     1
Armor: Robe              ||    11
Dodge: Dodged            ||    39
